AoeStats
← Michi3052

Runestones

507084887Analyzed
1v1 RM · 17d ago on Sep 16, 2026· 55m 0s· 2 players
Game mode
Random Map
Map size
Tiny (2 player)
Population
200
Speed
Normal
Resources
Standard
Victory
Conquest
Starting age
Dark Age
Ending age
Imperial Age
RankedLock teamsTeams togetherTeam positionsShared explorationLock speedFull tech treeHidden civsTurbo modeCheats
Victory
Defeat
🇲🇽 Romans · Mexico
732
+17
🇪🇸 Huns · Spain
760
-17
Kcire_zr
0:36 Loom
12:27 Feudal Age
12:35 Man-at-Arms
13:05 Double-Bit Axe
19:20 Scale Mail Armor
22:24 Fletching
24:01 Forging
27:18 Castle Age
27:41 Stone Mining
28:01 Squires
28:39 Gold Mining
29:27 Horse Collar
31:29 Bow Saw
31:00 Long Swordsman
36:03 Ballistas
36:09 Town Watch
35:52 Pikeman
44:30 Wheelbarrow
44:06 Heavy Plow
48:48 Imperial Age
46:40 Scale Barding Armor
47:39 Chain Mail Armor
50:04 Iron Casting
51:13 Crop Rotation
51:24 Gold Shaft Mining
51:25 Chain Barding Armor
51:33 Legionary
53:39 Chemistry
54:25 Siege Engineers
Michi3052
10:44 Feudal Age
12:36 Double-Bit Axe
15:01 Bloodlines
19:13 Scale Barding Armor
19:17 Horse Collar
27:42 Loom
31:50 Castle Age
35:27 Forging
36:10 Town Watch
37:34 Husbandry
39:06 Wheelbarrow
40:55 Hand Cart
42:16 Stone Mining
42:17 Gold Mining
43:46 Iron Casting
46:00 Heavy Plow
46:45 Gold Shaft Mining
52:30 Marauders
52:40 Marauders
53:23 Town Patrol
Connection lost

Rejoining the realm…

Still unreachable

The connection could not be restored.

Session expired

The server has moved on; the page needs a fresh start.